 Dungeon Crawl Stone Soup version 0.19.1 (webtiles) character file.

28 Host24 the Bolt Thrower (level 3, -1/23 HPs)
             Began as a Kobold Hunter on Jan 2, 2017.
             Slain by Terence
             ... wielding a +0 short sword
              (3 damage)
             ... on level 1 of the Dungeon.
             The game lasted 00:01:54 (1343 turns).

Host24 the Bolt Thrower (Kobold Hunter)             Turns: 1343, Time: 00:01:55

Health: -1/23      AC:  3    Str:  9    XL:     3   Next: 30%
Magic:  3/3        EV: 15    Int: 12    God:
Gold:   21         SH:  0    Dex: 16    Spells: 0 memorised, 2 levels left

rFire  . . .     SeeInvis .     a - +1 hand crossbow
rCold  . . .     Gourm    .     c - +0 leather armour
rNeg   . . .     Faith    .     (shield restricted)
rPois  .         Spirit   .     (no helmet)
rElec  .         Reflect  .     (no cloak)
rCorr  .         Harm     .     (no gloves)
MR     .....                    (no boots)
Stlth  ++........               (no amulet)
                                (no ring)
                                (no ring)

@: no status effects
A: carnivore 3
a: no special abilities


You were on level 1 of the Dungeon.
You were completely stuffed.

You visited 1 branch of the dungeon, and saw 2 of its levels.

You collected 21 gold pieces.

Inventory:

Hand Weapons
 a - a +1 hand crossbow (weapon)
 b - a +0 short sword
Missiles
 d - 2 bolts (quivered)
 g - 18 arrows
 o - 15 stones
 q - 7 tomahawks
Armour
 c - a +0 leather armour (worn)
Scrolls
 h - a scroll of identify {unknown}
 i - a scroll of magic mapping {unknown}
 m - a scroll of immolation {unknown}
 n - 2 scrolls of remove curse {unknown}
 p - a scroll of random uselessness {unknown}
Potions
 e - a potion of brilliance {unknown}
 k - a potion of might {unknown}
 l - a potion of beneficial mutation {unknown}
Comestibles
 f - 2 meat rations
 j - a slice of pizza


   Skills:
 + Level 3.2 Fighting
 - Level 5.0 Crossbows
 - Level 3.1 Dodging
 - Level 1.3 Stealth


You had 2 spell levels left.
You didn't know any spells.

Dungeon Overview and Level Annotations

Branches:
Dungeon (2/15)

Altars:

Annotations:
D:1 Terence
D:2 Ijyb


Innate Abilities, Weirdness & Mutations

You are small and have problems with some larger weapons.
You are carnivorous and can eat meat at any time.


Message History

Press: ? - help, Shift-Dir - straight line, f/p - Terence
Aim: Terence, wielding a short sword and wearing a scale mail (heavily wounded)
You shoot a bolt. The bolt hits Terence.
Terence is severely wounded.
Terence hits you with a short sword.
* * * LOW HITPOINT WARNING * * *
Firing (i - inventory. (,) - cycle):
d - 4 bolts (quivered)
Press: ? - help, Shift-Dir - straight line, f/p - Terence
Aim: Terence, wielding a short sword and wearing a scale mail (severely wounded)
You shoot a bolt. The bolt barely misses Terence.
Terence hits you with a short sword.
* * * LOW HITPOINT WARNING * * *
Terence barely misses you.
Firing (i - inventory. (,) - cycle):
d - 3 bolts (quivered)
Press: ? - help, Shift-Dir - straight line, f/p - Terence
Aim: Terence, wielding a short sword and wearing a scale mail (severely wounded)
You shoot a bolt. The bolt hits Terence.
Terence is almost dead.
Terence hits you with a short sword.
You die...

##.#....# #.#
#......#######.###
#................#
#......#######.#.# #.....##
#.#.# #.#...# #.#.# #.....#
#.#.#
######.#...########.#.#
####..(..(..(>)@@......#.#
.............#######.....#
####.#######.#...#.#.###'###
.....#)............#.#.....#
#.#..#####.#.#.#.#.#.#.....#
#.#........#.#.....#.#.....#
#.#.########.###.###.#.###.#
#.#.# #.#...# #.#.#รท#.#
#.#.# #.#.#####.#.###.#


You could see Terence.

Vanquished Creatures
  An ooze (D:1)
  2 dart slugs (D:1)
  A giant cockroach (D:1)
  3 hobgoblins (D:1)
  5 kobolds (D:1)
  2 bats (D:1)
  2 frilled lizards (D:1)
  2 goblins (D:1)
  3 rats (D:1)
21 creatures vanquished.

Notes
Turn   | Place    | Note
-------+----------+-------------------------------------------
     0 | D:1      | Host24 the Kobold Hunter began the quest for the Orb.
     0 | D:1      | Reached XP level 1. HP: 12/12 MP: 1/1
   570 | D:1      | Reached XP level 2. HP: 12/18 MP: 2/2
   723 | D:1      | Reached skill level 5 in Crossbows
   930 | D:1      | Reached XP level 3. HP: 20/23 MP: 3/3
  1319 | D:2      | Noticed Terence
  1323 | D:2      | Noticed Ijyb
  1342 | D:1      | HP: 1/23 [Terence/short sword (4)]
  1343 | D:1      | Slain by Terence

Skill      XL: |  1  2  3 |
---------------+----------+-----
Fighting       | 3 |  3.2
Crossbows      | 5 |  5.0
Dodging        | 3 |  3.1
Stealth        | |  1.3

Action                   || total
-------------------------++-------
Melee: Short sword       ||    81
 Fire: Hand crossbow     ||    18
 Stab: Sleeping          ||     4
  Eat: Chunk             ||    10
Armor: Leather armour    ||    25
Dodge: Dodged            ||    80
